 Dungeon Crawl Stone Soup version 0.32-a0-933-ga8fa3634e4 (webtiles) character file.

Game seed: 18122408717721640003

7571 OboGreatPlayer the Grappler (level 10, -4/98 HPs)
             Began as a Troll Fighter on Apr 14, 2024.
             Was a Believer of Wu Jian.
             Slain by a hornet (10 damage)
             ... while paralysed by a hornet
             ... on level 9 of the Dungeon.
             The game lasted 00:32:05 (7747 turns).

OboGreatPlayer the Grappler (Troll Fighter)         Turns: 7747, Time: 00:32:06

Health: -4/98      AC: 14    Str: 26    XL:     10   Next: 97%
Magic:  9/9        EV:  1    Int:  4    God:    Wu Jian [**....]
Gold:   622        SH:  0    Dex: 13    Spells: 9/9 levels left

rFire   . .          .
                       - Unarmed
rCold   . . .        b - +0 kite shield
rNeg    . . .        I - +0 acid dragon scales
rPois   .            o - +2 hat
rElec   .            (no cloak)
rCorr   +            (gloves unavailable)
SInv    .            (boots unavailable)
Will    .....        n - amulet of reflection
Stlth   ++           T - +4 ring of protection
HPRegen 1.16/turn    (no ring)
MPRegen 0.11/turn

%: reflection
@: paralysed, lethally poisoned (-4 -> -4), slowed
A: large, unfitting armour, claws 3, regeneration 1, shaggy fur 1, tough skin 1
a: Renounce Religion, Wall Jump


You were on level 9 of the Dungeon.
You worshipped Wu Jian.
Wu Jian was pleased with you.
You visited 2 branches of the dungeon, and saw 10 of its levels.
You also visited: Sewer.

You collected 622 gold pieces.

Inventory:

Missiles
 j - 19 boomerangs (quivered)
 p - 3 javelins
 r - 33 poisoned darts
 x - a throwing net {=f}
 F - 2 atropa-tipped darts
 G - a curare-tipped dart
Armour
 b - a +0 kite shield (worn)
 o - a +2 hat (worn)
 I - +0 acid dragon scales (worn)
Jewellery
 n - an amulet of reflection (around neck)
 T - a +4 ring of protection (left claw)
Wands
 D - a wand of charming (10)
 E - a wand of mindburst (29)
Scrolls
 c - 2 scrolls of poison
 g - 2 scrolls of fear
 i - 2 scrolls of identify
 k - 4 scrolls of fog
 q - 2 scrolls of immolation
 t - 6 scrolls of teleportation {@r2}
 u - a scroll of enchant weapon {unknown}
 y - 3 scrolls of revelation
 z - a scroll of torment
 A - a scroll of noise {unknown}
 B - a scroll of blinking
Potions
 d - a potion of might
 e - 2 potions of ambrosia
 f - 4 potions of attraction
 h - a potion of enlightenment
 l - a potion of heal wounds {@q2}
 m - 2 potions of cancellation
 s - 5 potions of lignification
 v - 3 potions of mutation
 w - a potion of curing {unknown}
 C - a potion of degeneration
 H - a potion of haste {unknown}


   Skills:
 + Level 6.0 Fighting
 + Level 6.0 Dodging
 + Level 3.7 Stealth
 + Level 6.5 Shields
 * Level 11.2 Unarmed Combat


You had 9 spell levels left.
You didn't know any spells.
Your spell library contained the following spells:

 Spells                   Type           Power      Damage    Failure   Level
 Mercury Vapours          Alch/Air       0%         N/A       89%         2
 Mephitic Cloud           Conj/Alch/Air  0%         N/A       98%         3
 Freezing Cloud           Conj/Ice/Air   0%         6-21      100%        5


Dungeon Overview and Level Annotations

Branches:
Dungeon (9/15)             Temple (1/1) D:6           Sewer (visited)
   Lair: D:8-11         Orc: D:9-12

Altars:
Ashenzari
Cheibriados
Dithmenos
Elyvilon
Fedhas
Hepliaklqana
Makhleb
Nemelex Xobeh
Qazlal
Ru
Sif Muna
Trog
Vehumet
Wu Jian
Xom
Yredelemnul
Zin
The Shining One

Annotations:
D:7 2 transporters, GrimJard's ghost, journeyman DrCj
D:8 Maurice


Innate Abilities, Weirdness & Mutations

You are too large for most types of armour.
You have claws for hands.
Your natural rate of healing is unusually fast.
You are covered in fur. (AC +1)
You have tough skin. (AC +1)


Message History

You barely miss the hornet.
The hornet is severely wounded.
You feel sick.
The hornet stings you but does no damage.
You block the hornet's attack.
You scratch the hornet.
The hornet is severely wounded.
You feel sick. The hornet stings you.
You feel as though you will be slow longer.
The hornet barely misses you.
You take 1 damage, and have 48/98 hp.
You scratch the hornet.
The hornet is severely wounded.
You feel sick.
You are no longer poisoned.
You block the hornet's attack. The hornet stings you.
You feel as though you will be slow longer.
You take 3 damage, and have 45/98 hp.
You scratch the hornet.
The hornet is severely wounded.
The hornet stings you.
You are poisoned.
You feel as though you will be slow longer.
The hornet stings you but does no damage.
You barely miss the hornet.
The hornet is severely wounded.
You feel very sick. The hornet stings you!
You suddenly lose the ability to move!
The hornet stings you!
* * * LOW HITPOINT WARNING * * *
You feel as though you will be slow longer.
You feel sick. The hornet stings you!
* * * LOW HITPOINT WARNING * * *
You feel as though you will be slow longer.
You feel sick. The hornet stings you!
* * * LOW HITPOINT WARNING * * *
You feel as though you will be slow longer.
A wight comes into view. It is wielding a +0 hand axe.
The hornet stings you!
You die...

########...........# +##+
.........#######...## #..#
.......)..## #....# ##..#
........[..## #....## ###....
#####..ß....# ###.#.# ##.#..##
#.....#.#####..#.# ###..##.##
#.....#.....#.#..###....##.#.
###########..........##.##.#.
#####.....<.....@........##.##...
...............#y#.#.P.P.##.###..
.###.###...........##....(..###..
.#.....#............######.......
.#...>.#........ß....# #...#...
.....................# ###.....
.#.....#.z...........# #####.##.
.#.....#............#####.).÷.##.
.###.###......####.....##)######.


You could see a hornet and a wight (wandering).

Vanquished Creatures
  Erolcha (D:9)
  2 unseen horror zombies (D:9)
  3 hornets
  A troll (D:9)
  Grinder (Sewer)
  A wyvern (D:8)
  5 yaks
  2 steam dragons (D:9)
  2 acid dragons (D:9)
  A water moccasin (D:5)
  2 black bears
  An ice beast (D:5)
  4 orc warriors
  3 ogres
  4 centaurs
  5 kobold brigands
  4 bullfrogs
  A gnoll sergeant (D:6)
  3 scorpions
  A wyvern zombie (D:9)
  11 wights
  5 killer bees (D:7)
  A howler monkey (D:4)
  2 centaur zombies (D:9)
  A quasit (Sewer)
  A bombardier beetle (D:4)
  5 jellies
  2 sleepcaps
  2 iguanas
  5 orc priests
  8 orc wizards
  7 gnolls
  9 adders
  2 shadow imps (Sewer)
  4 ufetubi
  3 dart slugs
  5 ribbon worms
  32 orcs
  10 bats
  8 endoplasms
  5 giant cockroaches
  5 goblins
  3 hobgoblins
  7 jackals
  34 kobolds
  5 quokkas
  11 ball pythons
  3 frilled lizards
  A kobold zombie (Sewer)
  14 rats
258 creatures vanquished.

Vanquished Creatures (others)
  An endoplasm (Sewer)
  A kobold (Sewer)
2 creatures vanquished.

Grand Total: 260 creatures vanquished

Notes
Turn   | Place    | Note
-------+----------+-------------------------------------------
     0 | D:1      | OboGreatPlayer the Troll Fighter began the quest for the
                  | Orb.
     0 | D:1      | Reached XP level 1. HP: 22/22 MP: 0/0
    94 | D:1      | Found a faded altar of an unknown god.
   152 | D:1      | Reached XP level 2. HP: 29/29 MP: 1/1
   212 | D:1      | Reached skill level 3 in Unarmed Combat
   428 | D:1      | Reached XP level 3. HP: 36/36 MP: 2/2
   726 | D:2      | Reached skill level 4 in Unarmed Combat
   845 | D:2      | You fall into a shaft and drop 2 floors!
   907 | D:4      | Reached XP level 4. HP: 42/44 MP: 3/3
   956 | D:4      | Reached skill level 5 in Unarmed Combat
  1078 | D:4      | Noticed an ogre
  1085 | D:4      | Killed an ogre
  1086 | D:4      | Reached skill level 6 in Unarmed Combat
  1086 | D:4      | Reached XP level 5. HP: 34/50 MP: 4/4
  1800 | D:3      | Reached XP level 6. HP: 59/59 MP: 5/5
  1856 | D:3      | Found a shimmering altar of Xom.
  2565 | D:4      | Saving game... please wait.
  2894 | D:4      | Reached XP level 7. HP: 64/67 MP: 6/6
  2965 | D:5      | Entered Level 5 of the Dungeon
  2988 | D:5      | Found a glowing drain.
  3009 | Sewer    | Entered a sewer
  3121 | Sewer    | Found a burning altar of Makhleb.
  3140 | Sewer    | Reached skill level 7 in Unarmed Combat
  3235 | Sewer    | Noticed Grinder
  3246 | Sewer    | Paralysed by Grinder for 2 turns
  3253 | Sewer    | Killed Grinder
  3254 | Sewer    | Reached skill level 1 in Stealth
  3434 | D:5      | Reached XP level 8. HP: 75/75 MP: 7/7
  3843 | D:5      | Identified the +1 pair of gloves of Disaster {rC+ Str+3
                  | Stlth+}
  4179 | D:5      | Reached skill level 8 in Unarmed Combat
  4523 | D:6      | Found a staircase to the Ecumenical Temple.
  4569 | Temple   | Entered the Ecumenical Temple
  4587 | Temple   | Became a worshipper of the Wu Jian Council
  5023 | D:6      | Reached XP level 9. HP: 84/84 MP: 8/8
  5732 | D:7      | Reached skill level 5 in Shields
  5732 | D:7      | Reached skill level 9 in Unarmed Combat
  6045 | D:7      | Found a transporter.
  6050 | D:7      | Found a bloodstained altar of Trog.
  6051 | D:7      | Noticed a moth of wrath
  6064 | D:7      | Found a transporter.
  6088 | D:7      | Noticed GrimJard's ghost (journeyman DrCj)
  6414 | D:8      | Reached * piety under Wu Jian
  6417 | D:8      | Reached skill level 5 in Fighting
  6434 | D:8      | Reached skill level 5 in Dodging
  6609 | D:8      | Noticed Maurice
  6766 | D:8      | Reached XP level 10. HP: 93/96 MP: 9/9
  6873 | D:8      | Reached skill level 10 in Unarmed Combat
  6901 | D:9      | Noticed Erolcha
  6943 | D:9      | Killed Erolcha
  7053 | D:8      | Reached ** piety under Wu Jian
  7334 | D:9      | Reached skill level 11 in Unarmed Combat
  7512 | D:9      | Found a radiant altar of Vehumet.
  7731 | D:9      | Paralysed by a hornet for 3 turns
  7738 | D:9      | Paralysed by a hornet for 2 turns
  7745 | D:9      | Paralysed by a hornet for 3 turns
  7747 | D:9      | Slain by a hornet

Illustrated notes

Levels and vault maps discovered:
D:1:      mainiacjoe_arrival_oval_in_oval, layout_rooms,
          dreamdust_ecumenical_altar_statues
D:2:      layout_rooms, serial_bayou, serial_bayou_ford_a, serial_bayou_pond_c,
          serial_bayou_pond_b, serial_bayou_pond_a, serial_bayou_lake_a,
          serial_bayou_shore_b, st_stairs_9, minmay_joined_circles
D:3:      minmay_wonky_spiral, layout_loops_ring, brannock_xom_greatest_gift
D:4:      layout_cave_pods
D:5:      layout_basic, cheibrodos_sewer_entry_drain
D:6:      nicolae_whirlpool, layout_basic, minmay_temple_entry_poolview
D:7:      layout_loops_cross, gammafunk_ghost_wrathful_warriors
D:8:      layout_cave_pools, uniq_maurice
D:9:      layout_rooms, nicolae_overflow_quartered_altars,
          mainiacjoe_overflow_two_lobes, serial_undead, serial_undead_b,
          serial_undead_d, serial_undead_e, serial_undead_d, st_stairs_3,
          uniq_erolcha
Temple:   hellmonk_temple_of_storms

Skill      XL: |  1  2  3  4  5  6  7  8  9 10 |
---------------+-------------------------------+-----
Unarmed Combat | 3 4 6 7 8 9 11 | 11.2
Shields        | 3 4 5 6 |  6.5
Fighting       | 3 4 5 6 |  6.0
Dodging        | 3 4 5 6 |  6.0
Stealth        | 1 2 3 |  3.7

Action                     |  1- 3 |  4- 6 |  7- 9 | 10-12 || total
---------------------------+-------+-------+-------+-------++-------
  Melee: Unarmed           |    98 |   130 |   296 |   173 ||   697
  Throw: Boomerang         |       |     2 |    12 |       ||    14
         Dart              |       |       |    10 |       ||    10
         Javelin           |       |       |     4 |       ||     4
Ability: Lunge             |       |       |    12 |    10 ||    22
         Whirlwind         |       |       |       |    56 ||    56
    Use: Scroll            |       |     7 |    11 |       ||    18
         Potion            |       |     1 |       |       ||     1
   Stab: Sleeping          |       |     3 |     5 |       ||     8
         Distracted        |       |       |     1 |     1 ||     2
 Armour: Robe              |    43 |    62 |    91 |    90 ||   286
         Acid dragon scale |       |       |       |    23 ||    23
  Dodge: Dodged            |    22 |    35 |    64 |    35 ||   156
  Block: Kite shield       |    34 |    51 |   205 |   124 ||   414
         Reflection        |       |     1 |    17 |     7 ||    25

Table legend: (Time is in decaauts)
 A = Elapsed time spent in this place.
 B = Non-inter-level travel time spent in this place.
 C = Inter-level travel time spent in this place.
 D = Time resting spent in this place.
 E = Time spent auto-exploring this place.
 F = Levels seen in this place.
 G = Mean time per level.
                   A        B        C        D        E       F      G
               +--------+--------+--------+--------+--------+-----+--------+
         Total |   7755 |   7456 |    299 |    357 |   5177 |  11 |  705.0 |
       Dungeon |   7388 |   7125 |    263 |    336 |   5022 |   9 |  820.9 |
        Temple |     36 |      1 |     35 |      0 |      0 |   1 |   36.0 |
         Sewer |    329 |    329 |      0 |     21 |    155 |   1 |  329.0 |
               +--------+--------+--------+--------+--------+-----+--------+

Top non-repeatable levels by time:
     D:6: 1109 daAuts
     D:5: 1023 daAuts
     D:4: 920 daAuts
     D:2: 841 daAuts
     D:7: 780 daAuts
     D:9: 770 daAuts
     D:8: 722 daAuts
     D:3: 719 daAuts
     D:1: 500 daAuts
   Sewer: 329 daAuts
  Temple: 36 daAuts
